 Dungeon Crawl Stone Soup version 0.26.1-2-gb8aa6d0cf2 (webtiles) character file.

Game seed: 697736396243914525

242 nightchill the Grasshopper (level 6, -4/50 HPs)
             Began as a Gnoll Warper on Mar 4, 2021.
             Killed from afar by an orc wizard (7 damage)
             ... with a magic dart
             ... on level 4 of the Dungeon.
             The game lasted 00:06:41 (3812 turns).

nightchill the Grasshopper (Gnoll Warper)           Turns: 3812, Time: 00:06:42

Health: -4/50      AC:  5    Str: 13    XL:     6   Next: 9%
Magic:  13/13      EV: 13    Int: 18    God:
Gold:   245        SH:  0    Dex: 14    Spells: 10/15 levels left

rFire    . . .     SeeInvis .   a - +2 short sword (vamp)
rCold    . . .     Faith    .   (no shield)
rNeg     . . .     Spirit   .   g - +0 ring mail
rPois    .         Reflect  .   (no helmet)
rElec    .         Harm     .   (no cloak)
rCorr    .         Rampage  .   (no gloves)
Will     .....                  (no boots)
Stlth    +.........             (no amulet)
HPRegen  0.16/turn              (no ring)
MPRegen  0.13/turn              (no ring)

@: no status effects
A: distributed training, fangs 1, strong nose
a: no special abilities


You were on level 4 of the Dungeon.
You visited 1 branch of the dungeon, and saw 4 of its levels.

You collected 245 gold pieces.

Inventory:

Hand Weapons
 a - a +2 vampiric short sword (weapon)
 b - a +0 hunting sling
 k - a +0 hand axe
 x - a +2 hand axe of flaming
Missiles
 e - 5 boomerangs of dispersal
 n - 51 stones (quivered)
 q - 25 sling bullets
Armour
 g - a +0 ring mail (worn)
 h - a +0 leather armour
Wands
 c - a wand of polymorph (5)
Scrolls
 d - a scroll of blinking
 f - 2 scrolls of remove curse {unknown}
 i - 2 scrolls of fog {unknown}
 j - 2 scrolls of teleportation {unknown}
 o - a scroll of magic mapping {unknown}
 r - 3 scrolls of amnesia {unknown}
Potions
 l - 2 potions of magic
 m - 3 potions of curing
 p - 2 potions of attraction {unknown}
 s - a potion of lignification {unknown}
 t - a potion of cancellation
 u - a potion of flight {unknown}
 v - 3 potions of heal wounds {unknown}
 w - a potion of invisibility {unknown}
 z - a potion of brilliance {unknown}


   Skills:
 + Level 4.9 Fighting
 + Level 1.8 Short Blades
 + Level 1.8 Long Blades
 + Level 4.9 Axes
 + Level 1.8 Maces & Flails
 + Level 1.8 Polearms
 + Level 1.8 Staves
 + Level 1.8 Slings
 + Level 1.8 Bows
 + Level 1.8 Crossbows
 + Level 3.1 Throwing
 + Level 3.1 Armour
 + Level 4.9 Dodging
 + Level 1.8 Stealth
 + Level 1.8 Shields
 + Level 1.8 Unarmed Combat
 + Level 5.3 Spellcasting
 + Level 1.4 Conjurations
 + Level 1.4 Hexes
 + Level 1.4 Summonings
 + Level 1.4 Necromancy
 + Level 5.6 Translocations
 + Level 1.4 Transmutations
 + Level 1.4 Fire Magic
 + Level 1.4 Ice Magic
 + Level 1.4 Air Magic
 + Level 1.4 Earth Magic
 + Level 1.4 Poison Magic
 + Level 2.0 Invocations
 + Level 1.8 Evocations


You had 10 spell levels left.
You knew the following spells:

 Your Spells              Type           Power        Failure   Level
a - Blink                 Tloc           N/A          4%          2
b - Teleport Other        Tloc           25%          8%          3

Your spell library contained the following spells:

 Spells                   Type           Power        Failure   Level
 Gell's Gravitas          Tloc           12%          8%          3
 Lesser Beckoning         Tloc           12%          8%          3
 Passage of Golubria      Tloc           N/A          26%         4


Dungeon Overview and Level Annotations

Branches:
Dungeon (4/15)
 Temple: D:4-7

Altars:
Makhleb
Okawaru
Trog
Uskayaw
Vehumet

Annotations:
D:2 exclusion: downstairs


Innate Abilities, Weirdness & Mutations

Your experience applies equally to all skills.
You have very sharp teeth.
Your uncanny sense of smell can sniff out nearby items.


Message History

You kill the orc!
The orc wizard is no longer moving quickly.
The orc wizard gestures wildly while chanting.
The orc wizard seems to speed up.
Things that are here:
a +0 club; a +0 dagger; a +0 robe You hit the orc wizard.
The orc wizard is lightly wounded.
The orc wizard casts a spell at you. The magic dart hits you!
* * * LOW HITPOINT WARNING * * *
The orc wizard casts a spell.
The orc wizard blinks!
You see here a scroll labelled HELYID JODGHAE.
The orc wizard casts a spell at you. The magic dart hits you!
* * * LOW HITPOINT WARNING * * *
The orc wizard points at you and mumbles some strange words.
The magic dart hits you!
You die...

#.###.......#
............#
....#.......#
o.......o...
..........#
...=.....#
...###..# #####
##..#####...#
#..ยง@)......#
#...#####.>.#
#.......####.##
.....$.........#
###.......####.#
#.#...### #.#
#.#...# #.# .
...## #.#####
#.....#


You could see an orc wizard (fast).

Vanquished Creatures
  2 hounds
  An orc wizard (D:4)
  6 adders
  3 oozes
  2 worms (D:3)
  A dart slug (D:1)
  2 leopard geckos (D:2)
  2 orcs
  A ball python (D:3)
  6 bats
  3 giant cockroaches
  8 goblins
  8 hobgoblins
  9 jackals
  4 quokkas
  3 frilled lizards
  9 kobolds
  7 rats
77 creatures vanquished.

Vanquished Creatures (others)
  A wizard (D:3)
  An orc wizard (D:4)
2 creatures vanquished.

Grand Total: 79 creatures vanquished

Notes
Turn   | Place    | Note
-------+----------+-------------------------------------------
     0 | D:1      | nightchill the Gnoll Warper began the quest for the Orb.
     0 | D:1      | Reached XP level 1. HP: 20/20 MP: 6/6
   129 | D:1      | Reached XP level 2. HP: 26/26 MP: 7/7
   601 | D:1      | Learned a level 2 spell: Blink
   674 | D:1      | Reached XP level 3. HP: 31/31 MP: 9/9
   676 | D:1      | Reached skill level 5 in Spellcasting
   992 | D:2      | Reached skill level 1 in Invocations
  1205 | D:2      | Reached skill level 1 in Short Blades
  1205 | D:2      | Reached skill level 1 in Long Blades
  1205 | D:2      | Reached skill level 1 in Maces & Flails
  1205 | D:2      | Reached skill level 1 in Polearms
  1205 | D:2      | Reached skill level 1 in Staves
  1205 | D:2      | Reached skill level 1 in Slings
  1205 | D:2      | Reached skill level 1 in Bows
  1205 | D:2      | Reached skill level 1 in Crossbows
  1205 | D:2      | Reached skill level 1 in Stealth
  1205 | D:2      | Reached skill level 1 in Shields
  1205 | D:2      | Reached skill level 1 in Unarmed Combat
  1205 | D:2      | Reached skill level 1 in Evocations
  1313 | D:2      | Reached XP level 4. HP: 25/38 MP: 11/11
  1496 | D:2      | Found a burning altar of Makhleb.
  1509 | D:2      | Reached skill level 1 in Conjurations
  1509 | D:2      | Reached skill level 1 in Hexes
  1509 | D:2      | Reached skill level 1 in Summonings
  1509 | D:2      | Reached skill level 1 in Necromancy
  1509 | D:2      | Reached skill level 1 in Transmutations
  1509 | D:2      | Reached skill level 1 in Fire Magic
  1509 | D:2      | Reached skill level 1 in Ice Magic
  1509 | D:2      | Reached skill level 1 in Air Magic
  1509 | D:2      | Reached skill level 1 in Earth Magic
  1509 | D:2      | Reached skill level 1 in Poison Magic
  1877 | D:2      | Reached XP level 5. HP: 35/43 MP: 12/12
  1973 | D:2      | Found a hide-covered altar of Uskayaw.
  2104 | D:2      | Found a radiant altar of Vehumet.
  2781 | D:3      | Found a bloodstained altar of Trog.
  3347 | D:3      | Learned a level 3 spell: Teleport Other
  3512 | D:3      | Noticed a wizard
  3517 | D:3      | Killed a wizard
  3616 | D:4      | Found an iron altar of Okawaru.
  3791 | D:4      | Reached XP level 6. HP: 20/50 MP: 13/13
  3812 | D:4      | Killed from afar by an orc wizard

Illustrated notes

Levels and vault maps discovered:
D:1:      lightli_arrival_statuegarden, layout_loops_ring, minmay_vboxes
D:2:      layout_loops_ring, old_standard_altar, lemuel_round_altar,
          makhleb_heckhound_becter
D:3:      layout_basic, trog_wizard
D:4:      layout_loops_ring, elyvilon_altar_4, okawaru_metal_pillars_3,
          temple_fountains, moated_statue, uniq_duvessa, uniq_sigmund

Skill      XL: |  1  2  3  4  5 |
---------------+----------------+-----
Spellcasting   | 5 |  5.3
Invocations    | 1 2 |  2.0
Short Blades   | 1 |  1.8
Long Blades    | 1 |  1.8
Maces & Flails | 1 |  1.8
Polearms       | 1 |  1.8
Staves         | 1 |  1.8
Slings         | 1 |  1.8
Bows           | 1 |  1.8
Crossbows      | 1 |  1.8
Stealth        | 1 |  1.8
Shields        | 1 |  1.8
Unarmed Combat | 1 |  1.8
Evocations     | 1 |  1.8
Conjurations   | 1 |  1.4
Hexes          | 1 |  1.4
Summonings     | 1 |  1.4
Necromancy     | 1 |  1.4
Transmutations | 1 |  1.4
Fire Magic     | 1 |  1.4
Ice Magic      | 1 |  1.4
Air Magic      | 1 |  1.4
Earth Magic    | 1 |  1.4
Poison Magic   | 1 |  1.4
Throwing       | 3 |  3.1
Armour         | 3 |  3.1
Fighting       | |  4.9
Axes           | |  4.9
Dodging        | |  4.9
Translocations | |  5.6

Action                   |  1- 3 |  4- 6 || total
-------------------------+-------+-------++-------
Melee: Hand axe          |    64 |       ||    64
       Short sword       |    62 |   203 ||   265
       Bite              |     3 |    21 ||    24
       Punch             |       |     3 ||     3
 Fire: Hunting sling     |     2 |     3 ||     5
 Cast: Teleport Other    |       |     1 ||     1
  Use: Scroll            |       |     3 ||     3
 Stab: Sleeping          |     2 |     1 ||     3
Armor: Leather armour    |    25 |     2 ||    27
       Ring mail         |       |    40 ||    40
Dodge: Dodged            |    91 |   135 ||   226
